[Event "December 19 Early 2023"]
[Site "https://www.chess.com"]
[Date "2023.12.19"]
[Round "4"]
[White "Kraus, Tomas"]
[Black "Espinoza Villanueva, Rodrigo"]
[Result "0-1"]
[Board "106"]
[TimeControl "180+1"]
[WhiteFideId "331708"]
[BlackFideId "5140188"]
[WhiteElo "2371"]
[BlackElo "1907"]
[WhiteTeam "CZE"]
[BlackTeam "MEX"]
[WhiteClock "0:01:02"]
[BlackClock "0:01:54"]

1. e4 c5 2. Nc3 Nc6 3. f4 d6 4. Nf3 e6 5. Bb5 Bd7 6. Bxc6 Bxc6 7. O-O Nf6 8. d3 Be7 9. e5 Nd5 10. Nxd5 Bxd5 11. Be3 O-O 12. c4 Bc6 13. d4 cxd4 14. Bxd4 Qc7 15. Qe2 Rfd8 16. Rad1 b6 17. b3 Rac8 18. Ng5 dxe5 19. Bxe5 Qb7 20. Qh5 Bc5+ 21. Kh1 Bxg2# 0-1

[Event "December 19 Early 2023"]
[Site "https://www.chess.com"]
[Date "2023.12.19"]
[Round "4"]
[White "Smirnov, Alexandr A."]
[Black "Vigoa Apecheche, Yanira"]
[Result "1/2-1/2"]
[Board "107"]
[TimeControl "180+1"]
[WhiteFideId "24104396"]
[BlackFideId "3507041"]
[WhiteElo "2152"]
[BlackElo "2276"]
[WhiteTeam "RUS"]
[BlackTeam "USA"]
[WhiteClock "0:00:19"]
[BlackClock "0:00:16"]

1. e4 c5 2. Nf3 Nc6 3. Nc3 g6 4. d4 cxd4 5. Nxd4 Bg7 6. Nb3 Nf6 7. Be2 O-O 8. O-O d6 9. Re1 Be6 10. Bf1 Rc8 11. Bg5 Na5 12. Nd5 Bxd5 13. exd5 Nc4 14. Bxc4 Rxc4 15. Qd3 Qc8 16. c3 Re8 17. Rad1 h6 18. Bc1 Ra4 19. a3 Qc4 20. Qxc4 Rxc4 21. Na5 Rc7 22. Be3 b6 23. Nb3 Kf8 24. Re2 g5 25. f3 Nd7 26. Nd4 Bxd4 27. Bxd4 f6 28. g3 Nc5 29. Kf2 Kf7 30. Ke3 Nd7 31. Kd3 Ne5+ 32. Bxe5 fxe5 33. c4 Kg6 34. g4 Rf8 35. Re3 Rf4 36. b3 a6 37. a4 Rc5 38. Ra1 a5 39. Rf1 Kg7 40. Re4 Kg6 41. Rxf4 gxf4 42. h4 Rc8 43. Ke4 Kf6 44. Rg1 Rg8 45. Rh1 Rc8 46. Rg1 Rg8 47. Rg2 Rc8 48. Rg1 1/2-1/2

[Event "December 19 Early 2023"]
[Site "https://www.chess.com"]
[Date "2023.12.19"]
[Round "4"]
[White "Skliarov, Viktor"]
[Black "Santos, Rafael Ventura Dos"]
[Result "1-0"]
[Board "108"]
[TimeControl "180+1"]
[WhiteFideId "14106736"]
[BlackFideId "2122227"]
[WhiteElo "2301"]
[BlackElo "2138"]
[WhiteTeam "UKR"]
[BlackTeam "BRA"]
[WhiteClock "0:00:20"]
[BlackClock "0:00:17"]

1. e4 c5 2. Nf3 a6 3. c3 Nf6 4. Bd3 Nc6 5. Bc2 g6 6. O-O Bg7 7. h3 O-O 8. d4 cxd4 9. cxd4 d5 10. e5 Ne4 11. Nbd2 Nxd2 12. Bxd2 f6 13. exf6 exf6 14. Re1 Qd6 15. Qc1 Be6 16. Bf4 Qd7 17. Bb3 Bf7 18. Qd2 Rac8 19. Rac1 Rfe8 20. Ba4 b5 21. Bc2 Rxe1+ 22. Rxe1 Re8 23. b3 Rxe1+ 24. Qxe1 Bf8 25. Qe3 Be6 26. g4 Bd6 27. Bxd6 Qxd6 28. Ne1 Bf7 29. Nd3 a5 30. Nc5 Qc7 31. Bd3 b4 32. Bb5 Ne7 33. Bd7 Kg7 34. Qxe7 Qf4 35. Ne6+ Kh6 36. Qf8# 1-0

[Event "December 19 Early 2023"]
[Site "https://www.chess.com"]
[Date "2023.12.19"]
[Round "4"]
[White "Mesa Cruz, Juan Carlos"]
[Black "Karttunen, Mika"]
[Result "0-1"]
[Board "109"]
[TimeControl "180+1"]
[WhiteFideId "6423400"]
[BlackFideId "502081"]
[WhiteElo "2142"]
[BlackElo "2396"]
[WhiteTeam "DOM"]
[BlackTeam "FIN"]
[WhiteClock "0:00:00"]
[BlackClock "0:00:18"]

1. e4 e5 2. Nf3 Nc6 3. Bc4 Nf6 4. d3 Be7 5. c3 O-O 6. b4 d5 7. exd5 Nxd5 8. h3 a6 9. a4 Nf4 10. O-O Bd6 11. Nbd2 Bf5 12. Ne4 Qd7 13. Bxf4 exf4 14. Nxd6 cxd6 15. Qd2 d5 16. Bb3 Qd6 17. Rfe1 h6 18. d4 Be4 19. Ne5 Nxe5 20. dxe5 Qg6 21. f3 Bxf3 22. Rf1 Be4 23. Rxf4 Rae8 24. Bxd5 Rxe5 25. Bxe4 Rxe4 26. Rxe4 Qxe4 27. Re1 Qc6 28. a5 Rc8 29. Re3 Qc7 30. Qd4 Rd8 31. Qe5 Qd7 32. Kh2 Qc6 33. Qe4 Qc7+ 34. Qe5 Qc8 35. Re4 Qc6 36. Rd4 Re8 37. Qd6 Qxc3 38. Qd7 Qe3 39. Rg4 Qe5+ 40. Kh1 Re7 41. Qc8+ Kh7 42. Qc2+ f5 43. Rc4 Qe1+ 44. Kh2 Qe5+ 45. Kh1 Rd7 46. Rc5 Qe1+ 47. Kh2 g6 48. Rc7 Qe5+ 49. Kh1 Rxc7 50. Qd3 Rc1+ 0-1

[Event "December 19 Early 2023"]
[Site "https://www.chess.com"]
[Date "2023.12.19"]
[Round "4"]
[White "Kononenko, Dmitry"]
[Black "Rose, Felix"]
[Result "1/2-1/2"]
[Board "110"]
[TimeControl "180+1"]
[WhiteFideId "14113538"]
[BlackFideId "5105722"]
[WhiteElo "2168"]
[BlackElo "2039"]
[WhiteTeam "UKR"]
[BlackTeam "MEX"]
[WhiteClock "0:00:08"]
[BlackClock "0:00:08"]

1. e4 e5 2. Nf3 Nc6 3. Bb5 a6 4. Ba4 Nf6 5. O-O Be7 6. Re1 b5 7. Bb3 d6 8. c3 O-O 9. h3 Nb8 10. d4 Nbd7 11. a4 Bb7 12. Nbd2 Re8 13. Bc2 Bf8 14. b3 g6 15. d5 c6 16. c4 cxd5 17. exd5 bxc4 18. bxc4 Bg7 19. Rb1 Qc7 20. Ba3 Rab8 21. Ng5 Nc5 22. Qe2 h6 23. Nge4 Nfxe4 24. Nxe4 Nxe4 25. Qxe4 f5 26. Qe2 e4 27. Bb3 Kh7 28. Rec1 Bd4 29. Qd2 Bc5 30. Bxc5 Qxc5 31. Qe3 Qxe3 32. fxe3 Bc8 33. a5 Bd7 34. Bd1 Rec8 35. Rb6 Rxb6 36. axb6 Rb8 37. Rb1 Bc8 38. Ba4 Bb7 39. Bc6 Kg7 40. Kf2 Kf7 41. g4 Ke7 42. gxf5 gxf5 43. Kg3 a5 44. Kf4 Kf6 45. Kg3 Ke5 46. Ra1 Bxc6 47. dxc6 Rxb6 48. Rxa5+ Ke6 49. c7 Rc6 50. Ra7 Rxc4 51. Kf4 d5 52. Ra6+ Kd7 53. Rxh6 Kxc7 54. Kxf5 d4 55. Kxe4 dxe3+ 56. Kxe3 Kd7 57. Rf6 Ke7 58. Rf2 Rc3+ 59. Kf4 Rxh3 60. Kg5 1/2-1/2

[Event "December 19 Early 2023"]
[Site "https://www.chess.com"]
[Date "2023.12.19"]
[Round "4"]
[White "Domingo Nunez, Alejandro"]
[Black "Pak, Yevgeniy"]
[Result "0-1"]
[Board "111"]
[TimeControl "180+1"]
[WhiteFideId "22245561"]
[BlackFideId "14201712"]
[WhiteElo "2252"]
[BlackElo "2320"]
[WhiteTeam "ESP"]
[BlackTeam "KAZ"]
[WhiteClock "0:00:00"]
[BlackClock "0:00:12"]

1. e4 e6 2. Nf3 d5 3. Nc3 d4 4. Ne2 c5 5. Ng3 Nc6 6. Bc4 Nf6 7. a4 Be7 8. O-O O-O 9. d3 b6 10. Ne1 e5 11. f4 exf4 12. Bxf4 g6 13. Nf3 Be6 14. Bxe6 fxe6 15. Bh6 Re8 16. e5 Nd7 17. Qe2 Qc7 18. Rae1 Bf8 19. Bxf8 Rxf8 20. h4 h6 21. Qe4 Rf5 22. Nxf5 gxf5 23. Qf4 Kh7 24. g4 Rg8 25. g5 Ne7 26. h5 Nd5 27. g6+ Kg7 28. Qh4 Re8 29. Kf2 Qc6 30. b3 Qb7 31. Nd2 Ne3 32. Rxe3 dxe3+ 33. Kxe3 Nxe5 34. Ke2 Qg2+ 35. Kd1 Qg4+ 36. Qxg4 Nxg4 37. Nc4 Nf6 38. Rh1 e5 39. Nd6 f4 40. Nxe8+ Nxe8 41. Ke2 Kf6 42. Kf3 Ng7 43. Kg4 Nf5 44. Rh3 Nd4 45. Rh2 Nf5 46. Kf3 Nd6 47. c3 a6 48. Rg2 Nf5 49. Ke4 Ng7 50. Rh2 Ne6 51. Kd5 Ng5 52. g7 Kxg7 53. Kc6 b5 54. a5 c4 55. bxc4 bxc4 56. dxc4 e4 57. Kd5 e3 58. Re2 f3 0-1

[Event "December 19 Early 2023"]
[Site "https://www.chess.com"]
[Date "2023.12.19"]
[Round "4"]
[White "Zepeda Berlanga, Jan Enrique"]
[Black "Boyer, Mahel"]
[Result "0-1"]
[Board "112"]
[TimeControl "180+1"]
[WhiteFideId "5132355"]
[BlackFideId "45102422"]
[WhiteElo "1680"]
[BlackElo "2449"]
[WhiteTeam "MEX"]
[BlackTeam "FRA"]
[WhiteClock "0:00:23"]
[BlackClock "0:00:22"]

1. e4 Nc6 2. Nf3 d5 3. exd5 Qxd5 4. Nc3 Qh5 5. Be2 Bg4 6. d3 O-O-O 7. Be3 e5 8. Ne4 f5 9. Ng3 Qe8 10. Bg5 Nf6 11. Nd2 Bxe2 12. Qxe2 Nd4 13. Qd1 Qc6 14. c3 Ne6 15. Qf3 Nxg5 16. Qxf5+ Ne6 17. Nge4 Kb8 18. Nxf6 gxf6 19. Qxf6 Bg7 20. Qh4 Nf4 0-1

[Event "December 19 Early 2023"]
[Site "https://www.chess.com"]
[Date "2023.12.19"]
[Round "4"]
[White "Piddubna, Bozhena"]
[Black "Rustemov, Alexander"]
[Result "0-1"]
[Board "113"]
[TimeControl "180+1"]
[WhiteFideId "34109293"]
[BlackFideId "4119002"]
[WhiteElo "1874"]
[BlackElo "2784"]
[WhiteTeam "UKR"]
[BlackTeam "RUS"]
[WhiteClock "0:00:00"]
[BlackClock "0:00:17"]

1. d4 g6 2. Nf3 Bg7 3. c4 d6 4. g3 e5 5. Nc3 Nc6 6. dxe5 dxe5 7. Qxd8+ Nxd8 8. Bg2 Ne6 9. O-O f5 10. e4 f4 11. gxf4 exf4 12. Nd5 c6 13. Nxf4 Nxf4 14. Bxf4 Bxb2 15. Rab1 Bg7 16. Rfd1 Nh6 17. Bg3 O-O 18. Ne5 Re8 19. Nd7 Nf7 20. f4 Re7 21. Nc5 b6 22. Nb3 c5 23. Bh4 Re8 24. e5 Rb8 25. Nxc5 Bg4 26. Na6 Rbc8 27. Rd4 Nh6 28. Bd5+ Be6 29. Bf2 Nf5 30. Rdd1 Bh6 31. Bg3 Ne3 32. Rd3 Nxc4 33. Nb4 Bxd5 34. Nxd5 Bg7 35. a4 Kf7 36. Bf2 Na5 37. Rbd1 Red8 38. Nb4 Rxd3 39. Rxd3 Ke8 40. Nd5 Kf7 41. Ne3 Rc7 42. Nd5 Rd7 43. Nb4 Rxd3 44. Nxd3 Ke6 45. Kg2 Nc6 46. Kf3 Kd5 47. h4 Bf8 48. Kg4 Be7 0-1

[Event "December 19 Early 2023"]
[Site "https://www.chess.com"]
[Date "2023.12.19"]
[Round "4"]
[White "Abasov, Nijat"]
[Black "Cervantes Landeiro, Thalia"]
[Result "1-0"]
[Board "114"]
[TimeControl "180+1"]
[WhiteFideId "13402960"]
[BlackFideId "3520498"]
[WhiteElo "2561"]
[BlackElo "2189"]
[WhiteTeam "AZE"]
[BlackTeam "USA"]
[WhiteClock "0:00:54"]
[BlackClock "0:00:00"]

1. e4 c5 2. Nf3 d6 3. Nc3 a6 4. d4 cxd4 5. Nxd4 Nf6 6. Be2 e5 7. Nb3 Be7 8. f4 Nc6 9. Be3 exf4 10. Bxf4 O-O 11. Qd2 b5 12. O-O-O b4 13. Nd5 Nxe4 14. Qe3 Nf6 15. Nxf6+ Bxf6 16. Rxd6 Bd7 17. Rhd1 Re8 18. Rxd7 Bxb2+ 19. Kb1 Qf6 20. Qf3 Ba1 21. Nxa1 Na5 22. Bc1 Qe5 23. Qxa8 1-0

[Event "December 19 Early 2023"]
[Site "https://www.chess.com"]
[Date "2023.12.19"]
[Round "4"]
[White "Yuan, Qingyu"]
[Black "Karas, Marek"]
[Result "1-0"]
[Board "115"]
[TimeControl "180+1"]
[WhiteFideId "8609772"]
[BlackFideId "14928558"]
[WhiteElo "2359"]
[BlackElo "2218"]
[WhiteTeam "CHN"]
[BlackTeam "CZE"]
[WhiteClock "0:00:19"]
[BlackClock "0:00:00"]

1. e4 e6 2. d4 d5 3. Nd2 c5 4. Ngf3 cxd4 5. Nxd4 Nc6 6. Bb5 Bd7 7. Nxc6 bxc6 8. Bd3 Bd6 9. Qe2 Qc7 10. Nf3 Ne7 11. e5 Bc5 12. O-O Bb6 13. c4 c5 14. Bg5 h6 15. Bd2 Bc6 16. Rac1 d4 17. Be4 Bxe4 18. Qxe4 Qc6 19. Qe2 a5 20. Ne1 Bc7 21. b3 Nf5 22. Nd3 O-O 23. h3 Kh8 24. Qg4 a4 25. b4 cxb4 26. Bxb4 Rfb8 27. a3 Ba5 28. Qf4 Bxb4 29. Nxb4 Qc5 30. Rfd1 Ra5 31. Qe4 Rc8 32. Re1 Kg8 33. Kh2 Ne7 34. f4 Nc6 35. Rb1 Ra7 36. Rec1 Rd7 37. Qd3 Na5 38. Rc2 Nb3 39. Rd1 Rdd8 40. Qe4 Qb6 41. Qf3 Nc5 42. Qf2 Nb3 43. Rd3 Rd7 44. Rg3 Kh8 45. Qe2 Qd8 46. Nd3 Qf8 47. Nb4 Nc5 48. Rd2 Rcd8 49. Qg4 Rc8 50. Rf3 Nb3 51. Rd1 g6 52. Qh4 Qg7 53. Qf2 Rxc4 54. Qe2 Rc8 55. Qb5 Rcd8 56. Qxa4 Nc5 57. Qb5 Ne4 58. Nc6 1-0

[Event "December 19 Early 2023"]
[Site "https://www.chess.com"]
[Date "2023.12.19"]
[Round "4"]
[White "Krzyzanowski, Marcin"]
[Black "Kochiev, Ivan"]
[Result "1-0"]
[Board "116"]
[TimeControl "180+1"]
[WhiteFideId "1132199"]
[BlackFideId "2917890"]
[WhiteElo "2471"]
[BlackElo "2285"]
[WhiteTeam "POL"]
[BlackTeam "BUL"]
[WhiteClock "0:00:51"]
[BlackClock "0:00:00"]

1. e4 c5 2. Nf3 d6 3. d4 cxd4 4. Nxd4 Nf6 5. Nc3 Nc6 6. Bg5 e6 7. Qd2 a6 8. O-O-O Bd7 9. Kb1 Be7 10. f3 Rc8 11. h4 h6 12. Be3 h5 13. Nxc6 Bxc6 14. Bg5 d5 15. e5 Nd7 16. f4 Nc5 17. Bd3 Nxd3 18. Qxd3 f6 19. exf6 gxf6 20. Rhe1 Qd6 21. Qg6+ Kd7 22. Ne4 dxe4 23. Rxd6+ Kxd6 24. Bxf6 Bxf6 25. Qxf6 Kc7 26. Qe5+ Kb6 27. Qxe6 Rhg8 28. f5 Rce8 29. Qb3+ Ka7 30. f6 Rg3 31. Qxg3 1-0

[Event "December 19 Early 2023"]
[Site "https://www.chess.com"]
[Date "2023.12.19"]
[Round "4"]
[White "Koellner, Ruben Gideon"]
[Black "Caceres Benitez, Arturo Eduardo"]
[Result "1-0"]
[Board "117"]
[TimeControl "180+1"]
[WhiteFideId "12993093"]
[BlackFideId "3710769"]
[WhiteElo "2347"]
[BlackElo "2045"]
[WhiteTeam "GER"]
[BlackTeam "PAR"]
[WhiteClock "0:01:30"]
[BlackClock "0:00:20"]

1. d4 Nf6 2. Nf3 g6 3. Nbd2 Bg7 4. e4 d6 5. Bc4 O-O 6. O-O c6 7. Bb3 Nfd7 8. c3 Na6 9. Re1 Nc7 10. e5 d5 11. Nf1 e6 12. h4 Re8 13. h5 c5 14. N1h2 b5 15. Ng4 a5 16. Bc2 b4 17. Bg5 f6 18. exf6 Nxf6 19. hxg6 h5 20. Nxf6+ Bxf6 21. Bf4 Nb5 22. Ne5 Bxe5 23. Rxe5 bxc3 24. Qxh5 Ra7 25. bxc3 Nxc3 26. Re3 cxd4 27. Be5 1-0

[Event "December 19 Early 2023"]
[Site "https://www.chess.com"]
[Date "2023.12.19"]
[Round "4"]
[White "Zavgorodniy, Sergiy"]
[Black "Kurmangaliyeva, Liya"]
[Result "0-1"]
[Board "118"]
[TimeControl "180+1"]
[WhiteFideId "14110148"]
[BlackFideId "13725831"]
[WhiteElo "2402"]
[BlackElo "2077"]
[WhiteTeam "UKR"]
[BlackTeam "KAZ"]
[WhiteClock "0:00:00"]
[BlackClock "0:00:16"]

1. Nf3 d5 2. d4 Nf6 3. c4 dxc4 4. e3 e6 5. Bxc4 a6 6. O-O c5 7. a4 Nc6 8. Nc3 cxd4 9. exd4 Be7 10. Re1 O-O 11. Bb3 Nb4 12. Ne5 Bd7 13. Re3 Bc6 14. Rh3 Rc8 15. Bg5 g6 16. Qe2 Nfd5 17. Bh6 Re8 18. Ne4 f5 19. Nc5 Bxc5 20. dxc5 Qf6 21. Re1 Nc7 22. Rg3 Bd5 23. Bg5 Qg7 24. Bc4 Bxc4 25. Nxc4 Rf8 26. Nd6 Rb8 27. Rb3 a5 28. Bf4 Ncd5 29. Be5 Qe7 30. h3 Rbd8 31. Qc4 Rd7 32. Rf3 Rc7 33. h4 Rc6 34. Qd4 b6 35. Rc1 bxc5 36. Rxc5 Rxd6 37. Bxd6 Qxd6 38. Rxa5 Nc6 39. Qc5 Qd7 40. Ra6 Ne5 41. Ra3 Rc8 42. Qd6 Qxd6 43. Rxd6 Nc4 44. Rxd5 exd5 45. Ra2 Rb8 46. a5 Ra8 47. a6 Kf7 48. b4 Ra7 49. Kf1 Ke6 50. Ke2 Kd6 51. Kd3 Kc6 52. Kd4 Nd6 53. Ke5 Nc4+ 54. Kd4 Kb5 55. Kxd5 Kxb4 56. Ke6 Na5 57. Rb2+ Kc5 58. Kf6 Rxa6+ 59. Kg7 Ra7+ 60. Kh6 Nc4 61. Rb8 Ne5 62. Rh8 Nf7+ 63. Kxh7 Nxh8+ 64. Kxh8 Kd5 0-1

[Event "December 19 Early 2023"]
[Site "https://www.chess.com"]
[Date "2023.12.19"]
[Round "4"]
[White "Ljukin, Sergei"]
[Black "Gontcharov, Vladislav"]
[Result "0-1"]
[Board "119"]
[TimeControl "180+1"]
[WhiteFideId "14102200"]
[BlackFideId "4123492"]
[WhiteElo "2319"]
[BlackElo "2420"]
[WhiteTeam "UKR"]
[BlackTeam "RUS"]
[WhiteClock "0:00:00"]
[BlackClock "0:00:14"]

1. e4 e6 2. d4 d5 3. Nc3 Nc6 4. Nf3 Nf6 5. exd5 exd5 6. Bb5 Bd7 7. Bf4 Bb4 8. Qe2+ Ne7 9. Bd3 O-O 10. O-O Re8 11. Ne5 Bf5 12. Bxf5 Nxf5 13. Qd3 Bxc3 14. bxc3 Nd6 15. c4 dxc4 16. Nxc4 Nxc4 17. Qxc4 c6 18. Rab1 Qd7 19. Rfe1 Nd5 20. Bg3 Rxe1+ 21. Rxe1 Re8 22. Qf1 Re6 23. c4 Nb6 24. Rd1 Re4 25. Qd3 f5 26. h3 Qf7 27. d5 Rxc4 28. d6 Nd7 29. Re1 f4 30. Bh2 b5 31. g3 c5 32. gxf4 Rd4 33. Qe3 Rxd6 34. Qe4 Rd4 0-1

[Event "December 19 Early 2023"]
[Site "https://www.chess.com"]
[Date "2023.12.19"]
[Round "4"]
[White "DeyanKostov"]
[Black "Rendle, Thomas E"]
[Result "1/2-1/2"]
[Board "120"]
[TimeControl "180+1"]
[BlackFideId "408760"]
[WhiteElo "2473"]
[BlackElo "2424"]
[BlackTeam "ENG"]
[WhiteClock "0:00:33"]
[BlackClock "0:00:04"]

1. d4 f5 2. Nf3 Nf6 3. Bg5 e6 4. Nbd2 Be7 5. Bxf6 Bxf6 6. e4 d5 7. e5 Be7 8. Bd3 c5 9. c3 Nc6 10. O-O O-O 11. a3 a5 12. dxc5 Bxc5 13. b4 Ba7 14. Nb3 Bd7 15. Nbd4 Nxd4 16. cxd4 axb4 17. axb4 g5 18. h3 g4 19. hxg4 fxg4 20. Nh2 g3 21. Ng4 gxf2+ 22. Rxf2 Rxf2 23. Nxf2 Qh4 24. Ra3 Rf8 25. Bxh7+ Qxh7 26. Qg4+ Qg7 27. Qxg7+ Kxg7 28. Rxa7 Bc8 29. Nd3 Kg6 30. Ra8 b6 31. Rb8 Kf5 32. Rxb6 Ke4 33. Nc5+ Kxd4 34. Nxe6+ Bxe6 35. Rxe6 Rb8 36. Rd6 Kxe5 37. Rd7 Rxb4 38. Kf2 Rb2+ 39. Kf3 Rb3+ 40. Kf2 Ke4 41. Re7+ Kd4 42. g4 Rb2+ 43. Kf3 Kd3 44. g5 d4 45. g6 Rb1 46. g7 Rg1 47. Rd7 Rg6 48. Kf2 Kc3 49. Ke1 d3 50. Rc7+ Kd4 51. Rd7+ Kc3 52. Rc7+ Kd4 53. Rd7+ Kc3 1/2-1/2

[Event "December 19 Early 2023"]
[Site "https://www.chess.com"]
[Date "2023.12.19"]
[Round "4"]
[White "Xhembulla, Aleksander"]
[Black "Manukyan, Sargis V."]
[Result "1-0"]
[Board "121"]
[TimeControl "180+1"]
[WhiteFideId "4705114"]
[BlackFideId "13303465"]
[WhiteElo "2220"]
[BlackElo "2236"]
[WhiteTeam "ALB"]
[BlackTeam "ARM"]
[WhiteClock "0:00:38"]
[BlackClock "0:00:17"]

1. e4 e6 2. d4 d5 3. Nd2 Nc6 4. Ngf3 Nf6 5. Bd3 Nb4 6. O-O Nxd3 7. cxd3 Be7 8. Qe2 O-O 9. Nb3 a5 10. a4 b6 11. Bf4 dxe4 12. dxe4 Ba6 13. Qc2 Bxf1 14. Rxf1 Rc8 15. Rd1 Qd7 16. Qc4 Nxe4 17. Ne5 Qd5 18. Qxd5 exd5 19. f3 Nd6 20. Nc6 Bf6 21. Rc1 Nc4 22. Rc2 g5 23. Be5 Kg7 24. Kf2 Bxe5 25. dxe5 Rfe8 26. Re2 Kg6 27. Nbd4 h5 28. b3 Na3 29. Re1 f6 30. e6 b5 31. axb5 a4 32. Ra1 Nxb5 33. Nxb5 Rxe6 34. Nbd4 Rxc6 35. Nxc6 Ra8 36. bxa4 Ra6 37. Nb4 Ra5 38. Ke3 Kf5 39. Nc6 Ra6 40. Nd4+ Ke5 41. Nb3 Kd6 42. Kd4 Rb6 43. Kc3 Rb7 44. a5 c5 45. a6 Ra7 46. Ra5 c4 47. Nd4 Kc7 48. Nb5+ Kb6 49. Nxa7 Kxa5 50. Nc6+ Kxa6 51. Nb4+ Kb5 52. Nxd5 Kc5 53. Nxf6 Kd6 54. Nxh5 Ke5 55. Kxc4 Kf5 56. Kd4 g4 57. fxg4+ Kg5 58. h3 Kh4 59. Ke5 Kg5 60. Ng3 Kh4 61. Nh1 Kg5 62. g3 Kh6 63. Kf6 Kh7 64. g5 Kh8 65. Kg6 Kg8 66. h4 Kh8 67. Kh6 Kg8 68. g6 Kh8 69. g7+ Kg8 70. h5 Kf7 71. Kh7 Kf6 72. g8=Q Kf5 73. h6 Ke4 1-0

[Event "December 19 Early 2023"]
[Site "https://www.chess.com"]
[Date "2023.12.19"]
[Round "4"]
[White "Serra Canals, Oriol"]
[Black "Graca, Robert"]
[Result "0-1"]
[Board "122"]
[TimeControl "180+1"]
[WhiteFideId "22276084"]
[BlackFideId "644943"]
[WhiteElo "2108"]
[BlackElo "2204"]
[WhiteTeam "ESP"]
[BlackTeam "FRA"]
[WhiteClock "0:00:45"]
[BlackClock "0:01:38"]

1. d4 Nf6 2. c4 a6 3. Nc3 c5 4. d5 b5 5. cxb5 axb5 6. Nxb5 Ba6 7. Nc3 d6 8. g3 g6 9. Bg2 Bg7 10. Nf3 Nbd7 11. O-O Nb6 12. Re1 O-O 13. e4 Ng4 14. h3 Ne5 15. Nxe5 Bxe5 16. Bf4 Bd4 17. Be3 Bg7 18. Qc2 Nc4 19. Bf1 Nxe3 20. Rxe3 Qb6 21. b3 f5 22. Na4 Qb4 23. Rae1 f4 24. gxf4 Rxf4 25. Bxa6 Rxa6 26. Qe2 Ra8 27. Rf3 Rxf3 28. Qxf3 Qxe1+ 0-1

[Event "December 19 Early 2023"]
[Site "https://www.chess.com"]
[Date "2023.12.19"]
[Round "4"]
[White "Lacasa Diaz, Josep Anton"]
[Black "Ezat, Mohamed"]
[Result "0-1"]
[Board "123"]
[TimeControl "180+1"]
[WhiteFideId "2203375"]
[BlackFideId "10600906"]
[WhiteElo "2338"]
[BlackElo "2367"]
[WhiteTeam "ESP"]
[BlackTeam "EGY"]
[WhiteClock "0:00:21"]
[BlackClock "0:01:23"]

1. e4 e5 2. Nf3 Nc6 3. Bb5 Nge7 4. Nc3 d6 5. d4 Bd7 6. O-O a6 7. Bxc6 Nxc6 8. dxe5 dxe5 9. h3 Be7 10. Nd5 O-O 11. c4 Be6 12. Be3 h6 13. Qd2 Kh7 14. Rad1 Qc8 15. b3 Re8 16. Qe2 Bf8 17. Nh4 Ne7 18. Qh5 Ng6 19. Nxg6 fxg6 20. Qe2 b5 21. c5 Qb7 22. b4 Rad8 23. Qb2 Bxd5 24. exd5 Rxd5 25. Qb3 Red8 26. Rxd5 Qxd5 27. Qxd5 Rxd5 28. a4 Be7 29. Ra1 Bf6 30. axb5 axb5 31. Ra7 e4 32. Rxc7 Rd1+ 0-1

[Event "December 19 Early 2023"]
[Site "https://www.chess.com"]
[Date "2023.12.19"]
[Round "4"]
[White "Vlassov, Nikolai"]
[Black "Kovacsy, Barnabas"]
[Result "1-0"]
[Board "124"]
[TimeControl "180+1"]
[WhiteFideId "4103360"]
[BlackFideId "769290"]
[WhiteElo "2351"]
[BlackElo "2130"]
[WhiteTeam "FID"]
[BlackTeam "HUN"]
[WhiteClock "0:02:03"]
[BlackClock "0:01:46"]

1. e4 c5 2. c3 d5 3. exd5 Qxd5 4. d4 Nf6 5. Nf3 e6 6. a3 Nc6 7. Be3 cxd4 8. cxd4 g6 9. Nc3 Qd8 10. Bb5 Bd7 11. d5 exd5 12. Nxd5 Nxd5 13. Qxd5 Bg7 14. O-O-O a6 15. Bc5 axb5 16. Rhe1+ Be6 17. Rxe6+ fxe6 18. Qxe6+ Qe7 19. Bxe7 Nxe7 20. Rd7 Rc8+ 21. Kb1 Bf8 22. Ne5 1-0

[Event "December 19 Early 2023"]
[Site "https://www.chess.com"]
[Date "2023.12.19"]
[Round "4"]
[White "Andreev, Konstantin"]
[Black "Porozhnyak, Maya"]
[Result "0-1"]
[Board "125"]
[TimeControl "180+1"]
[WhiteFideId "24239305"]
[BlackFideId "34115843"]
[WhiteElo "2093"]
[BlackElo "1932"]
[WhiteTeam "ITA"]
[BlackTeam "RUS"]
[WhiteClock "0:00:00"]
[BlackClock "0:00:05"]

1. e4 c5 2. Nf3 e6 3. d4 cxd4 4. Nxd4 a6 5. Bd3 Ne7 6. O-O Nbc6 7. Nxc6 dxc6 8. f4 Ng6 9. Be3 Be7 10. e5 c5 11. a4 Qc7 12. Nd2 Bd7 13. a5 Rd8 14. Qe2 O-O 15. b3 f6 16. exf6 Bxf6 17. Rae1 Ne7 18. Ne4 Nf5 19. Bxc5 Bd4+ 20. Bxd4 Nxd4 21. Qh5 g6 22. Qh4 Kg7 23. Ng5 h6 24. Ne4 Qxa5 25. Nd6 Nf5 26. Nxf5+ exf5 27. Re7+ Rf7 28. Rxf7+ Kxf7 29. Bc4+ Be6 30. Bxe6+ Kxe6 31. Re1+ Kd7 32. Re5 Qb6+ 33. Kf1 Kc8 34. Qe1 Kb8 35. h3 Ka7 36. Re6 Rd6 37. Rxd6 Qxd6 38. Qe3+ b6 39. Kf2 a5 40. Kf3 Qc5 41. Qd3 Qc6+ 42. Kf2 Kb7 43. c4 b5 44. cxb5 Qc5+ 45. Kf3 Kb6 46. Qd8+ Kxb5 47. Qg8 Qc6+ 48. Kf2 Kb4 49. Ke2 h5 50. g3 Qg2+ 51. Kd1 Qxg3 52. Kc2 Qf2+ 53. Kd3 Qf3+ 54. Kd2 Qxb3 55. Qxg6 Qc3+ 56. Ke2 Qc4+ 57. Ke3 Qe4+ 58. Kd2 Qxf4+ 59. Kd3 Qe4+ 60. Kd2 a4 61. Qb6+ Kc4 62. Qa6+ Kd5 63. Qb6 Ke5 64. Qc7+ Kf6 65. Qd8+ Qe7 66. Qd4+ Qe5 67. Qxa4 Qd5+ 68. Ke1 Qh1+ 69. Kf2 Qh2+ 70. Ke1 Qxh3 71. Qc6+ Kg5 72. Kf2 Qh4+ 73. Kf1 Qf4+ 74. Kg1 Qe3+ 75. Kf1 Qe4 76. Qc7 Qf4+ 0-1

[Event "December 19 Early 2023"]
[Site "https://www.chess.com"]
[Date "2023.12.19"]
[Round "4"]
[White "Tao, Sihan"]
[Black "Miszler, Levente"]
[Result "0-1"]
[Board "126"]
[TimeControl "180+1"]
[WhiteFideId "30982677"]
[BlackFideId "763276"]
[WhiteElo "1943"]
[BlackElo "2186"]
[WhiteTeam "USA"]
[BlackTeam "HUN"]
[WhiteClock "0:01:16"]
[BlackClock "0:02:04"]

1. d4 Nf6 2. c4 c5 3. Nf3 cxd4 4. Nxd4 e5 5. Nb5 d6 6. N1c3 a6 7. Na3 Nc6 8. Bg5 Be7 9. e3 Be6 10. Be2 O-O 11. O-O h6 12. Bxf6 Bxf6 13. Nd5 Bxd5 14. Qxd5 Be7 15. Bf3 Qc7 16. Qd2 Rac8 17. Bd5 Nd8 18. Nc2 Ne6 19. Nb4 b5 20. cxb5 axb5 21. Rfc1 Qa5 22. Rc3 Qxb4 0-1

[Event "December 19 Early 2023"]
[Site "https://www.chess.com"]
[Date "2023.12.19"]
[Round "4"]
[White "Garrido, Denis"]
[Black "Nanu, Costica-Ciprian"]
[Result "0-1"]
[Board "127"]
[TimeControl "180+1"]
[WhiteFideId "601217"]
[BlackFideId "1204580"]
[WhiteElo "2410"]
[BlackElo "2485"]
[WhiteTeam "FRA"]
[BlackTeam "ROU"]
[WhiteClock "0:00:09"]
[BlackClock "0:00:58"]

1. e4 c5 2. Nf3 Nc6 3. Bb5 Qb6 4. Nc3 e6 5. Bxc6 Qxc6 6. d4 cxd4 7. Nxd4 Qc7 8. O-O a6 9. Re1 d6 10. Bg5 Be7 11. Bxe7 Nxe7 12. Qh5 Ng6 13. Rad1 Bd7 14. a4 Rc8 15. g3 Qc5 16. Qe2 O-O 17. h4 Rfd8 18. h5 Ne5 19. Nb3 Qc7 20. h6 g6 21. Qe3 Be8 22. Qf4 Qe7 23. Nd4 Nc4 24. Qc1 Qf6 25. Nb1 Rc5 26. b3 Nb6 27. Re2 Rh5 28. Kg2 Nd7 29. f4 Rxh6 30. Nf3 Nc5 31. Ng5 Bc6 32. Nd2 Rh5 33. Ree1 Rxg5 34. fxg5 Qxg5 35. Kh2 Qh5+ 36. Kg1 Qg4 37. Re3 Nxe4 38. Nxe4 Bxe4 39. Rd4 f5 40. Qd2 Qg5 41. Kf2 Qe7 42. c4 e5 43. Rdxe4 fxe4 44. Rxe4 Rf8+ 45. Kg2 Qf6 46. Qd5+ Kg7 47. Qxb7+ Rf7 48. Qd5 Qf1+ 49. Kh2 Rf2# 0-1